 Dungeon Crawl Stone Soup version 0.29-a0-356-g7bc237e783 (webtiles) character file.

Game seed: 13580194946513485839

5 domi the Magician (level 1, 0/13 HPs)
             Began as a Demonspawn Hedge Wizard on Apr 26, 2022.
             Frozen to death by an endoplasm (3 damage)
             ... on level 2 of the Dungeon.
             The game lasted 00:00:51 (302 turns).

domi the Magician (Demonspawn Hedge Wizard)          Turns: 302, Time: 00:00:51

Health: 0/13       AC:  2    Str: 10    XL:     1   Next: 66%
Magic:  1/4        EV: 12    Int: 15    God:
Gold:   11         SH:  0    Dex: 12    Spells: 5/6 levels left

rFire   . . .      SeeInvis .   a - +0 dagger
rCold   . . .      Faith    .   (no shield)
rNeg    . . .      Spirit   .   b - +0 robe
rPois   .          Reflect  .   c - +0 hat
rElec   .          Harm     .   (no cloak)
rCorr   .          Rampage  .   (no gloves)
Will    .....                   (no boots)
Stlth   ++........              (no amulet)
HPRegen 0.04/turn               (no ring)
MPRegen 0.09/turn               (no ring)

@: very slightly contaminated
A: no striking features
a: no special abilities


You were on level 2 of the Dungeon.
You visited 1 branch of the dungeon, and saw 2 of its levels.

You collected 11 gold pieces.

Inventory:

Hand Weapons
 a - a +0 dagger (weapon)
Armour
 b - a +0 robe (worn)
 c - a +0 hat (worn)
Scrolls
 e - a scroll of teleportation {unknown}
 f - a scroll of amnesia {unknown}
 g - a scroll of vulnerability {unknown}
Potions
 d - a potion of magic


   Skills:
 - Level 1.7 Dodging
 - Level 1.7 Stealth
 - Level 3.0 Spellcasting
 + Level 1.8 Conjurations
 - Level 1.0 Summonings
 - Level 0.8 Translocations


You had 5 spell levels left.
You knew the following spells:

 Your Spells              Type           Power      Damage    Failure   Level
z - Magic Dart            Conj           28%        1d4       10%         1

Your spell library contained the following spells:

 Spells                   Type           Power      Damage    Failure   Level
 Slow                     Hex            8%         N/A       21%         1
 Call Imp                 Summ           5%         N/A       21%         2
 Blink                    Tloc           8%         N/A       22%         2
 Conjure Flame            Conj/Fire      4%         6-21      38%         3
 Mephitic Cloud           Conj/Pois/Air  4%         N/A       43%         3


Dungeon Overview and Level Annotations

Branches:
Dungeon (2/15)

Altars:

Shops:
D:1 [

Annotations:
D:2 exclusions: 2 goblins and hobgoblin


Message History

You hit the hobgoblin.
You kill the hobgoblin!
Aim: a kobold, wielding a +0 whip and quivering stones (100% to hit)
The magic dart hits the kobold.
The kobold closely misses you.
You now have 0/4 mp.
You closely miss the kobold. The kobold closely misses you.
Your magical contamination has completely faded away.
You hit the kobold but do no damage. The kobold misses you.
You hit the kobold.
You kill the kobold!
You start resting.
Health restored: 13; MP restored: 4
e - a scroll labelled ATAORE EZEZUSI
Items here: ( ) †††.
A sourceless malevolence fills the Dungeon...
You fall into a shaft and drop 1 floor!
The shaft crumbles and collapses.
Found a stone staircase leading down.
You now have 11 gold pieces.
f - a scroll labelled IREKOI ROKEPP
There is a stone staircase leading down here.
g - a scroll labelled HAEGANNEYJ You open the door.
A hobgoblin comes into view.
Aim: a hobgoblin (100% to hit)
The magic dart hits the hobgoblin but does no damage.
You now have 3/4 mp.
Aim: a hobgoblin (100% to hit)
The magic dart hits the hobgoblin.
The hobgoblin hits you.
You take 3 damage, and have 10/13 hp.
MASSIVE DAMAGE!!
You now have 2/4 mp.
Aim: a hobgoblin (moderately wounded, 100% to hit)
The magic dart hits the hobgoblin.
The hobgoblin barely misses you.
You now have 1/4 mp.
Aim: a hobgoblin (almost dead, 100% to hit)
The magic dart hits the hobgoblin but does no damage.
The hobgoblin barely misses you.
You now have 0/4 mp.
You don't have enough magic to cast this spell.
You don't have enough magic to cast this spell.
Unknown command.
You hit the hobgoblin.
You kill the hobgoblin!
You start resting.
Health restored: 13; MP restored: 4
Okay, then.
There is an open door here.
A hobgoblin and 2 goblins come into view.
Unknown command.
You can't see that place. [the floor.]
There is an open door here.
An endoplasm comes into view.
An endoplasm is nearby!
Aim: an endoplasm (asleep, 100% to hit)
You miscast Magic Dart.
You are very lightly contaminated with residual magic.
Nothing appears to happen.
You now have 3/4 mp.
Aim: an endoplasm (asleep, 100% to hit)
The magic dart hits the endoplasm.
The endoplasm quivers.
You now have 2/4 mp.
Aim: an endoplasm (lightly wounded, 100% to hit)
The magic dart hits the endoplasm.
You now have 1/4 mp.
Aim: an endoplasm (moderately wounded, 100% to hit)
You miscast Magic Dart.
Nothing appears to happen.
You now have 0/4 mp.
You don't have enough magic to cast this spell.
You don't have enough magic to cast this spell.
You don't have enough magic to cast this spell.
Unknown command.
Found a stone staircase leading down.
A giant cockroach comes into view.
The endoplasm hits you.
You take 1 damage, and have 12/13 hp.
You hit the endoplasm. The endoplasm barely misses you.
You hit the endoplasm but do no damage. The endoplasm hits you.
You take 3 damage, and have 9/13 hp.
MASSIVE DAMAGE!!
You completely miss the endoplasm. The endoplasm freezes you.
You are frozen.
You take 5 damage, and have 4/13 hp.
MASSIVE DAMAGE!!
You hit the endoplasm but do no damage. The endoplasm freezes you.
You are frozen.
* * * LOW HITPOINT WARNING * * *
You take 1 damage, and have 3/13 hp.
Unknown command.
You hit the endoplasm.
The endoplasm hits you but does no damage.
You hit the endoplasm but do no damage. The endoplasm freezes you.
You are frozen.
You die...

#########......#
#......####
#.........#
#.........#
#.........#
#.........#
#......####
#......#
#.....@#
#...###J....#
#... B....#
..... .....#
.... .....# ...
.....# >......
.......


You could see an endoplasm and a giant cockroach.

Vanquished Creatures
  A ball python (D:1)
  2 hobgoblins
  A kobold (D:1)
4 creatures vanquished.

Notes
Turn   | Place    | Note
-------+----------+-------------------------------------------
     0 | D:1      | domi the Demonspawn Hedge Wizard began the quest for the
                  | Orb.
     0 | D:1      | Reached XP level 1. HP: 13/13 MP: 4/4
     8 | D:1      | Found Veini's Armour Shoppe.
   155 | D:1      | You fall into a shaft and drop 1 floor!
   300 | D:2      | HP: 3/13 [frozen (2)]
   302 | D:2      | Frozen to death by an endoplasm

Illustrated notes

Levels and vault maps discovered:
D:1:      mrwooster_arrival_arrow, layout_basic, serial_shops,
          nicolae_diamond_shop, minmay_tromino_v4_b
D:2:      layout_basic, uniq_robin

Action                   || total
-------------------------++-------
Melee: Dagger            ||    18
 Cast: Magic Dart        ||     9
Armor: Robe              ||     3
Dodge: Dodged            ||    12

Table legend: (Time is in decaauts)
 A = Elapsed time spent in this place.
 B = Non-inter-level travel time spent in this place.
 C = Inter-level travel time spent in this place.
 D = Time resting spent in this place.
 E = Time spent auto-exploring this place.
 F = Levels seen in this place.
 G = Mean time per level.
                   A        B        C        D        E       F      G
               +--------+--------+--------+--------+--------+-----+--------+
         Total |    301 |    301 |      0 |    193 |     53 |   2 |  150.5 |
       Dungeon |    301 |    301 |      0 |    193 |     53 |   2 |  150.5 |
               +--------+--------+--------+--------+--------+-----+--------+

Top non-repeatable levels by time:
     D:1: 155 daAuts
     D:2: 146 daAuts

Table legend:
 A = Kills in this place as a percentage of kills in entire the game.
 B = Kills by you in this place as a percentage of kills by you in the entire game.
 C = Kills by friends in this place as a percentage of kills by friends in the entire game.
 D = Other kills in this place as a percentage of other kills in the entire game.
 E = Experience gained in this place as a percentage of experience gained in the entire game.
 F = Experience gained in this place divided by the number of levels of this place that you have seen.
                   A       B       C       D       E      F
               +-------+-------+-------+-------+-------+----------------------
         Total | 100.0 | 100.0 |   N/A |   N/A | 100.0 |   4.0
       Dungeon | 100.0 | 100.0 |   N/A |   N/A | 100.0 |   4.0
               +-------+-------+-------+-------+-------+----------------------
